Map: 해비테이션 스테이션 - 래더

Players

Maro - Winner!

  • Race: Terran Terran
  • League: Master
  • Spawn Location: 1:00

Damrud

  • Race: Zerg Zerg
  • League: Master
  • Spawn Location: 11:00

VOD

Have the link to the VOD?

Description

Time

  • Played on: Dec. 25, 2021, 9:36 a.m.
  • Length: 11:18
Show
View Real Time Build Order
Export as new Build Order

Maro Terran - Winner!

Build Orders: Reaper Expand, Hellion Banshee 

Get SALT Encoding   

  12  0:00  SCV  
  13  0:12  SCV  
  14  0:17  Supply Depot  
  14  0:24  SCV  
  15  0:38  SCV  
  15  0:41  Barracks  
  16  0:43  Refinery  
  16  0:50  SCV  
  17  1:03  SCV  
  18  1:15  SCV  
  19  1:28  Reaper, Orbital Command  
  20  1:39  Command Center  
  20  1:47  Supply Depot  
  20  1:54  SCV  
  21  1:59  Marine  
  22  2:06  SCV  
  23  2:09  Factory  
  23  2:15  Refinery  
  23  2:18  SCV  
  23  2:20  Barracks Reactor  
  24  2:30  SCV  
  25  2:42  SCV  
  26  2:50  Orbital Command  
  26  2:54  Starport, SCV  
  27  3:03  Hellion, Barracks Tech Lab  
  27  3:04  Hellion  
  31  3:06  SCV  
  32  3:16  SCV  
  32  3:18  SCV  
  34  3:21  Supply Depot  
  34  3:25  Hellion x2  
  38  3:29  SCV  
  38  3:30  SCV  
  40  3:36  Cloaking Field, Viking  
  40  3:39  Barracks Tech Lab  
  42  3:42  SCV  
  42  3:46  Supply Depot  
  42  3:51  Hellion  
  42  3:52  Hellion  
  42  3:54  SCV  
  42  3:55  SCV  
  48  3:59  Stimpack, Marine  
  49  4:07  SCV x2  
  49  4:08  Banshee  
  54  4:18  Marine, Supply Depot  
  54  4:19  SCV x2  
  54  4:21  Hellion  
  54  4:22  Hellion  
  61  4:31  SCV x2  
  61  4:37  Marine  
  62  4:44  Command Center  
  62  4:50  SCV x2  
  64  4:55  Factory Reactor  
  64  5:00  Marine  
  64  5:02  SCV x2  
  64  5:05  Starport Reactor  
  67  5:08  Barracks  
  67  5:09  Barracks  
  67  5:12  Engineering Bay x2  
  67  5:14  SCV x2  
  67  5:18  Marine  
  67  5:20  Refinery  
  67  5:21  Refinery  
  70  5:23  Supply Depot  
  70  5:24  Supply Depot  
  70  5:28  SCV x2  
  72  5:36  Marine  
  72  5:40  SCV x2  
  75  5:43  Siege Tank  
  75  5:44  Terran Infantry Weapons Level 1  
  75  5:49  Supply Depot  
  78  5:52  SCV x2  
  78  5:54  Marine, Medivac x2  
  86  5:57  Marine x2  
  86  6:01  Orbital Command  
  87  6:05  Marine x2  
  87  6:08  Terran Infantry Armor Level 1  
  89  6:11  SCV x2  
  89  6:18  Missile Turret  
  91  6:20  Missile Turret  
  91  6:23  Combat Shield  
  91  6:25  Orbital Command  
  91  6:26  Marine x3  
  91  6:30  Marine x2  
  93  6:33  SCV x2  
  95  6:42  Supply Depot, Siege Tank  
  98  6:47  Marine x3  
  98  6:48  Marine  
  98  6:50  SCV x2  
  104  6:54  SCV  
  105  7:02  SCV x2  
  105  7:07  SCV  
  103  7:10  Marine x4  
  103  7:14  Siege Tank, SCV x2  
  96  7:16  Medivac x2  
  96  7:17  Marine  
  96  7:21  SCV  
  100  7:26  SCV x2  
  100  7:28  Factory, Marine x4  
  106  7:36  Supply Depot  
  106  7:40  Barracks  
  106  7:41  Barracks, Marauder  
  108  7:45  Marine  
  108  7:46  Marine x3  
  108  7:48  Missile Turret  
  112  7:55  Armory  
  112  7:57  Siege Tank  
  115  8:01  Refinery, Medivac  
  115  8:03  Refinery, Marine x2, Marauder  
  115  8:04  Marine x2, Medivac  
  125  8:11  Sensor Tower  
  125  8:13  Factory Reactor  
  125  8:21  Marine x4  
  125  8:24  Marauder  
  131  8:28  Supply Depot x2  
  131  8:29  Widow Mine  
  133  8:36  Barracks Reactor x2  
  133  8:39  Medivac  
  133  8:49  Marine x4, Medivac  
  133  8:50  Marauder  
  133  8:51  Siege Tank  
  141  8:56  Barracks, Widow Mine x2  
  141  8:57  Barracks  
  141  8:58  Barracks  
  141  8:59  Supply Depot  
  141  9:00  Supply Depot  
  145  9:08  Marine  
  145  9:09  Marine x3, Medivac  
  151  9:11  Marauder  
  153  9:17  Widow Mine x2  
  153  9:23  Marine x4, Widow Mine  
  161  9:34  Medivac  
  165  9:38  Widow Mine x2  
  165  9:39  Medivac  
  165  9:44  Widow Mine, Barracks Tech Lab x2  
  158  9:47  Marine, Barracks Tech Lab  
  158  9:48  Marine x6, Marauder  
  158  9:51  Marine  
  172  10:00  Widow Mine x2  
  172  10:02  Supply Depot x2  
  172  10:06  Widow Mine  
  152  10:14  Marine, Marauder x4  
  152  10:15  Marine x3  
  152  10:16  Marine  
  152  10:17  Marine  
  152  10:18  Marine  
  151  10:27  Widow Mine x2  
  151  10:28  Medivac x2, Widow Mine  
  162  10:35  Marauder  
  162  10:36  Marine, Marauder  
  162  10:38  Marine x3  
  162  10:39  Marine  
  162  10:40  Marine  
  161  10:48  Marine x2  
  149  10:50  Marine  
  149  10:51  Marine  
  149  10:54  Marine  
  149  10:56  Marine x3  
Show
View Real Time Build Order
Export as new Build Order

Damrud Zerg 

Build Orders: Hatch First 

Get SALT Encoding   

  12  0:00  Drone  
  13  0:12  Overlord  
  13  0:17  Drone  
  14  0:30  Drone x2  
  14  0:35  Drone  
  17  0:51  Hatchery  
  17  0:54  Drone  
  17  0:57  Drone  
  18  1:08  Extractor  
  17  1:12  Spawning Pool  
  17  1:15  Drone  
  17  1:18  Drone  
  18  1:27  Drone  
  19  1:38  Overlord  
  19  1:49  Drone  
  20  1:58  Queen  
  20  2:00  Zergling x2  
  23  2:03  Zergling x2, Queen  
  23  2:07  Metabolic Boost  
  26  2:23  Hatchery  
  26  2:29  Drone x2  
  26  2:40  Queen  
  26  2:42  Drone  
  26  2:43  Drone  
  30  2:48  Drone x2  
  32  2:54  Overlord  
  32  2:57  Drone  
  33  2:59  Drone  
  34  3:08  Drone  
  35  3:13  Overlord  
  35  3:14  Drone x2  
  35  3:15  Drone  
  38  3:21  Drone  
  38  3:25  Overlord  
  39  3:34  Drone  
  39  3:36  Drone  
  39  3:41  Drone x2  
  43  3:44  Queen  
  43  3:48  Drone  
  46  3:49  Baneling Nest  
  46  3:50  Zergling x14  
  52  4:01  Queen  
  54  4:14  Drone  
  54  4:23  Drone x5  
  59  4:26  Overlord  
  59  4:27  Overlord  
  58  4:38  Lair  
  58  4:39  Overlord  
  58  4:42  Baneling  
  58  4:43  Baneling x2  
  58  4:46  Overlord  
  58  4:47  Drone x5  
  58  4:48  Drone x3  
  66  4:58  Extractor  
  66  4:59  Drone x2, Extractor  
  66  5:00  Drone x2  
  66  5:01  Drone  
  66  5:02  Drone  
  66  5:04  Drone x2  
  66  5:05  Zergling x2  
  73  5:11  Zergling x4  
  73  5:13  Baneling x3  
  75  5:16  Queen  
  75  5:17  Queen  
  80  5:21  Zergling x8  
  80  5:22  Zergling x2  
  80  5:25  Overlord  
  84  5:29  Drone, Extractor  
  84  5:30  Drone x3  
  87  5:41  Zergling x12  
  88  5:49  Overseer x2  
  88  5:52  Centrifugal Hooks  
  88  5:56  Queen  
  90  5:57  Zergling x2  
  90  5:58  Zergling x10  
  90  6:02  Drone  
  97  6:04  Evolution Chamber x2, Drone  
  97  6:07  Overlord  
  96  6:18  Drone  
  97  6:20  Extractor  
  97  6:22  Overlord x3  
  97  6:24  Extractor  
  96  6:32  Drone  
  96  6:33  Drone x5  
  96  6:34  Zerg Melee Weapons Level 1  
  96  6:35  Zerg Ground Armor Level 1  
  96  6:36  Drone x2  
  96  6:37  Drone  
  104  6:43  Zergling x2  
  104  6:45  Baneling x3  
  104  6:46  Baneling x4  
  105  6:48  Hatchery  
  105  6:50  Drone  
  105  6:53  Zergling x4, Hatchery  
  106  6:57  Zergling x2  
  106  7:00  Zergling x2  
  101  7:12  Zergling x12  
  101  7:13  Zergling x4  
  98  7:22  Zergling x6  
  100  7:25  Zergling x6  
  103  7:31  Zergling x2  
  103  7:34  Drone  
  103  7:36  Spire  
  104  7:39  Zergling x4  
  104  7:40  Zergling x2  
  104  7:43  Baneling x12  
  107  7:48  Overseer  
  107  7:51  Overlord  
  107  7:52  Overlord  
  107  7:54  Zergling x6  
  110  7:59  Zergling x6  
  113  8:09  Zergling x2  
  113  8:10  Zergling x20  
  124  8:19  Zergling x6  
  127  8:21  Baneling  
  127  8:22  Baneling x13  
  127  8:36  Zerg Melee Weapons Level 2, Zerg Ground Armor Level 2  
  121  8:42  Zergling x24  
  131  8:53  Corruptor x6  
  131  8:54  Corruptor  
  129  8:59  Zergling x2  
  129  9:00  Zergling x16  
  129  9:01  Hatchery  
  137  9:04  Infestation Pit  
  137  9:06  Drone x3  
  139  9:22  Zergling x20  
  147  9:42  Zergling x2  
  147  9:43  Zergling x22  
  145  9:49  Baneling x10  
  145  9:51  Hive  
  145  9:52  Zergling x10  
  150  9:55  Overlord x4  
  107  10:16  Zergling x22  
  107  10:17  Zergling x4  
  102  10:22  Zergling x8  
  102  10:27  Zergling x2  
  107  10:31  Zergling x4  
  107  10:32  Zergling x4  
  111  10:37  Zergling x2  
  102  10:46  Zergling x14  
  90  10:54  Zergling x8  
  78  10:57  Zergling x6  
  78  10:58  Zergling x4  
Tags
 
Add a new tag
Caveats
  • Supply blocks, unpowered buildings, or Contaminate may cause inaccurate times.
  • Supply counts are checked every 10 seconds.